 Dungeon Crawl Stone Soup version 0.18.1-50-g88ac8fd (webtiles) character file.

291 yungnami the Ducker (level 6, -2/61 HPs)
             Began as a Troll Berserker on Oct 2, 2016.
             Was a Believer of Trog.
             Slain by Duvessa
             ... wielding a +0 short sword of freezing
              (4 damage)
             ... on level 4 of the Dungeon.
             The game lasted 00:15:00 (1853 turns).

yungnami the Ducker (Troll Berserker)               Turns: 1853, Time: 00:15:30

Health: -2/61      AC:  6    Str: 28    XL:     6   Next: 10%
Magic:  5/5        EV:  8    Int:  3    God:    Trog [**....]
Gold:   96         SH:  0    Dex:  9    Spells: 0 memorised, 5 levels left

rFire  . . .     SeeInvis .     r - +0 flail
rCold  . . .     Gourm    +     b - +0 animal skin
rNeg   . . .     Faith    .     (no shield)
rPois  .         Spirit   .     (helmet restricted)
rElec  .         Dismiss  .     k - +0 cloak
rCorr  .         Reflect  .     (gloves unavailable)
SustAt .         Harm     .     (boots unavailable)
MR     .....                    (no amulet)
Stlth  +.........               (no ring)
                                n - -3 ring of evasion (curse)

@: not resistant to hostile enchantments, very unstealthy
A: unfitting armour, claws 3, fast metabolism 3, gourmand, regeneration 2,
shaggy fur 1, tough skin 2
a: Berserk, Trog's Hand, Burn Spellbooks, Renounce Religion


You were on level 4 of the Dungeon.
You worshipped Trog.
Trog was pleased with you.
You were not hungry.

You visited 1 branch of the dungeon, and saw 4 of its levels.

You collected 96 gold pieces.

Inventory:

Hand Weapons
 a - a +0 mace
 d - a +0 spear
 m - a +0 trident
 r - a +0 flail (weapon)
 t - the cursed +3 falchion of Vimoi {drain, rF+ rC+ Int+2 SInv, unknown}
   (You found it on level 4 of the Dungeon)

   A truly terrible weapon, it drains the life of those it strikes.
   It affects your intelligence (+2).
   It protects you from fire.
   It protects you from cold.
   It lets you see invisible.
   It has a curse placed upon it.
Armour
 b - a +0 animal skin (worn)
 k - a +0 cloak (worn)
Jewellery
 n - a cursed -3 ring of evasion (left claw)
Scrolls
 e - a scroll of identify
 h - a scroll of fog {unknown}
 s - a scroll of immolation {unknown}
Potions
 g - a potion of mutation {unknown}
 i - a potion of haste {unknown}
 j - a potion of lignification {unknown}
 o - a potion of curing {unknown}
 p - a potion of agility {unknown}
Comestibles
 c - a bread ration
 f - 3 fruits
 l - 2 beef jerkies
 q - a chunk of flesh


   Skills:
 + Level 3.2 Fighting
 + Level 3.7 Maces & Flails
 + Level 4.6 Dodging
 + Level 0.1 Stealth


You had 5 spell levels left.
You didn't know any spells.

Dungeon Overview and Level Annotations

Branches:
Dungeon (4/15)
 Temple: D:4-7

Altars:
Gozag
Xom

Annotations:
D:4 Duvessa


Innate Abilities, Weirdness & Mutations

You are too large for most types of armour.
You have claws for hands.
Your metabolism is lightning-fast.
You like to eat raw meat.
You heal very quickly.
You are covered in fur (AC +1).
You have very tough skin (AC +2).


Message History

You continue eating.
Duvessa hits you but does no damage.
You sock Duvessa!
Duvessa is moderately wounded.
Duvessa hits you with a short sword of freezing!
Duvessa freezes you.
Duvessa hits you with a short sword of freezing.
Duvessa freezes you.
You sock Duvessa!
Duvessa is heavily wounded.
Duvessa hits you with a short sword of freezing!
Duvessa freezes you. Duvessa hits you but does no damage.
You barely miss Duvessa.
Duvessa is moderately wounded.
Duvessa hits you with a short sword of freezing!!
* * * LOW HITPOINT WARNING * * *
Duvessa freezes you!
* * * LOW HITPOINT WARNING * * *
Duvessa hits you with a short sword of freezing.
You die...

######### #.......#
#.......#
####.#####.######## .
#...).............# ...
#.##.#####..(####.#
###..#.##...##.....###.#
#.....)e@...#.8...8.#..#
#.#..#.####............#
#. #. ##....⌠......# #.
.............# ..
###.8...8.#.## #.
##.....##... #.
##...###.##. ##
###.#.#.# #.....#


You could see Duvessa (berserk).

Vanquished Creatures
  The ghost of thewizardguy the Ruffian, an amateur MiMo of Cheibriados (D:3)
  Dowan (D:4)
  A hound (D:4)
  Natasha (D:2)
  4 adders
  3 worms (D:2)
  2 dart slugs
  4 giant geckos
  3 giant cockroaches
  3 goblins
  6 hobgoblins
  7 kobolds
  A quokka (D:2)
  10 bats
  3 giant newts
  4 rats
54 creatures vanquished.

Notes
Turn   | Place    | Note
--------------------------------------------------------------
     0 | D:1      | yungnami the Troll Berserker began the quest for the Orb.
     0 | D:1      | Reached XP level 1. HP: 22/22 MP: 0/0
   113 | D:1      | Reached XP level 2. HP: 29/29 MP: 1/1
   479 | D:2      | Noticed Natasha
   490 | D:2      | Killed Natasha
   490 | D:2      | Reached skill level 3 in Dodging
   490 | D:2      | Reached XP level 3. HP: 22/36 MP: 2/2
   528 | D:1      | Reached ** piety under Trog
   872 | D:2      | Found a shimmering altar of Xom.
   872 | D:2      | Found an opulent altar of Gozag.
   930 | D:2      | Reached XP level 4. HP: 44/44 MP: 3/3
  1516 | D:3      | Noticed thewizardguy's ghost (amateur MiMo)
  1534 | D:3      | Killed thewizardguy's ghost
  1534 | D:3      | Reached skill level 4 in Dodging
  1534 | D:3      | Reached XP level 5. HP: 22/53 MP: 4/4
  1777 | D:4      | Got an ancient falchion
  1838 | D:4      | Noticed Dowan
  1844 | D:4      | Noticed Duvessa
  1846 | D:4      | Killed Dowan
  1846 | D:4      | Reached XP level 6. HP: 50/61 MP: 5/5
  1853 | D:4      | HP: 2/61 [Duvessa/short sword of freezing (8)]
  1853 | D:4      | Slain by Duvessa

Skill      XL: |  1  2  3  4 |
---------------+-------------+-----
Maces & Flails | 3 |  3.7
Dodging        | 3 4 |  4.6
Fighting       | 3 |  3.2
Stealth        | |  0.1

Action                   |  1- 3 |  4- 6 || total
-------------------------+-------+-------++-------
Melee: Mace              |   109 |    56 ||   165
       Flail             |       |    42 ||    42
Invok: Berserk           |       |     1 ||     1
  Use: Scroll            |       |     1 ||     1
  Eat: Bread ration      |     1 |       ||     1
       Meat ration       |     1 |     1 ||     2
       Beef jerky        |       |     1 ||     1
       Chunk             |       |     3 ||     3
Armor: Animal skin       |    69 |    69 ||   138
Dodge: Dodged            |   102 |    61 ||   163
